 Dungeon Crawl Stone Soup version 0.22-a0-135-g6f012ad (webtiles) character file.

150 mortelune the Conjurer (level 5, 0/35 HPs)
             Began as a Demonspawn Wanderer on Feb 2, 2018.
             Slain by an orc
             ... wielding a +0 mace
              (6 damage)
             ... on level 4 of the Dungeon.
             The game lasted 00:11:10 (5454 turns).

mortelune the Conjurer (Demonspawn Wanderer)        Turns: 5454, Time: 00:11:10

Health: 0/35       AC:  2    Str: 10    XL:     5   Next: 10%
Magic:  0/10       EV: 11    Int: 17    God:
Gold:   147        SH:  0    Dex: 12    Spells: 3/11 levels left

rFire    . . .     SeeInvis .   g - +0 flail
rCold    . . .     Gourm    .   (no shield)
rNeg     . . .     Faith    .   c - +0 robe
rPois    .         Spirit   .   (no helmet)
rElec    .         Reflect  .   (no cloak)
rCorr    .         Harm     .   (no gloves)
MR       .....                  (no boots)
Stlth    +.........             p - amulet of rage
HPRegen  0.11/turn              (no ring)
MPRegen  0.12/turn              (no ring)

@: no status effects
A: hooves 1, powered by death 1
a: Evoke Berserk Rage


You were on level 4 of the Dungeon.
You were not hungry.

You visited 1 branch of the dungeon, and saw 4 of its levels.

You collected 147 gold pieces.

Inventory:

Hand Weapons
 d - a +0 dagger
 e - a +1 short sword of holy wrath
 g - a +0 flail (weapon)
 s - a +0 blowgun
Missiles
 t - 51 poisoned needles
Armour
 c - a +0 robe (worn)
 j - a cursed +0 scale mail
Jewellery
 n - a +2 amulet of reflection
 p - an amulet of rage (around neck)
Wands
 w - a wand of flame (25)
Scrolls
 h - 3 scrolls of remove curse {unknown}
 k - 2 scrolls of enchant armour {unknown}
 l - a scroll of teleportation {unknown}
 o - 2 scrolls of enchant weapon {unknown}
 r - 2 scrolls of identify {unknown}
 v - a scroll of magic mapping {unknown}
Potions
 i - a potion of might {unknown}
 m - a potion of mutation {unknown}
 q - 3 potions of brilliance {unknown}
 x - a potion of resistance {unknown}
 z - a potion of curing {unknown}
Books
 a - a book of Minor Magic

   Spells                             Type                      Level
   a - Magic Dart                     Conjuration                  1
   b - Blink                          Translocation                2
   c - Call Imp                       Summoning                    2
   d - Slow                           Hexes                        2
   e - Conjure Flame                  Conjuration/Fire             3
   f - Mephitic Cloud                 Conjuration/Poison/Air       3
 b - Iviut's Handbook of Dark Rites

   Spells                             Type                      Level
   a - Corpse Rot                     Necromancy                   2
   b - Sublimation of Blood           Necromancy                   2
Comestibles
 f - 9 rations


   Skills:
   Level 1.0 Shields
 + Level 3.9 Spellcasting
 * Level 3.9 Conjurations
   Level 1.0 Hexes
 + Level 1.0 Summonings
 - Level 1.7 Translocations
   Level 1.0 Air Magic
 - Level 1.0 Evocations


You had 3 spell levels left.
You knew the following spells:

 Your Spells              Type           Power        Failure   Level  Hunger
a - Magic Dart            Conj           ###.         3%          1    None
b - Blink                 Tloc           N/A          12%         2    ##.....
c - Call Imp              Summ           #.......     16%         2    ##.....
d - Conjure Flame         Conj/Fire      ##......     22%         3    ###....


Dungeon Overview and Level Annotations

Branches:
Dungeon (4/15)
 Temple: D:4-7

Altars:
Dithmenos
Elyvilon
Makhleb
Nemelex Xobeh


Innate Abilities, Weirdness & Mutations

You have large cloven feet.
You regenerate a little health from kills.


Message History

The orc priest is almost dead.
The orc priest closely misses you. The orc closely misses you.
You completely miss the orc priest.
The orc priest is almost dead.
The orc hits you with a club. The orc priest hits you.
The orc barely misses you. The orc priest closely misses you.
The orc barely misses you.
You closely miss the orc priest.
The orc priest is almost dead.
The orc misses you. The orc priest closely misses you.
The orc hits you with a club.
You hit the orc priest but do no damage.
The orc priest is almost dead.
The orc closely misses you.
The orc priest invokes the aid of Beogh against you.
Beogh smites you!
* * * LOW HITPOINT WARNING * * *
The orc hits you but does no damage. The orc priest closely misses you.
The orc hits you with a mace.
You die...

#.# #.# #.#
##'##
##.).##
##.....##
##.......##
#.......o.#
+.......o@+
#........o.#
#.#)......##
#.........##
#........##
#..####..#
#.. #..# +..


You could see an orc priest and 2 orcs.

Vanquished Creatures
  2 adders
  3 worms
  3 leopard geckos
  3 orcs
  9 bats
  5 giant cockroaches
  13 goblins
  4 hobgoblins
  2 frilled lizards (D:1)
  10 kobolds
  9 rats
63 creatures vanquished.

Vanquished Creatures (collateral kills)
  An ogre (D:4)
  Robin (D:3)
  A bat (D:3)
  A giant cockroach (D:3)
  A goblin (D:3)
  2 hobgoblins (D:3)
  A quokka (D:3)
  A kobold (D:3)
  A rat (D:3)
10 creatures vanquished.

Grand Total: 73 creatures vanquished

Notes
Turn   | Place    | Note
-------+----------+-------------------------------------------
     0 | D:1      | mortelune the Demonspawn Wanderer began the quest for the Orb.
     0 | D:1      | mortelune set off with: a book of Minor Magic, Iviut's Handbook of Dark Rites, a +0 robe, a +0 dagger, a ration
     0 | D:1      | Reached XP level 1. HP: 13/13 MP: 4/4
     0 | D:1      | Identified Iviut's Handbook of Dark Rites
     2 | D:1      | Learned a level 1 spell: Magic Dart
   859 | D:1      | Gained mutation: You regenerate a little health from kills. [demonic ancestry]
   859 | D:1      | Reached XP level 2. HP: 18/19 MP: 1/6
  2026 | D:2      | Learned a level 2 spell: Blink
  2029 | D:2      | Learned a level 2 spell: Call Imp
  2265 | D:2      | Reached XP level 3. HP: 24/24 MP: 0/7
  2465 | D:2      | Found a burning altar of Makhleb.
  3009 | D:2      | Found a sparkling altar of Nemelex Xobeh.
  3261 | D:3      | Found a shadowy altar of Dithmenos.
  3568 | D:3      | Learned a level 3 spell: Conjure Flame
  3850 | D:3      | Reached XP level 4. HP: 23/30 MP: 0/9
  3963 | D:3      | Found a white marble altar of Elyvilon.
  4050 | D:3      | Noticed Robin
  4610 | D:3      | Killed Robin
  5336 | D:4      | Noticed an ogre
  5342 | D:4      | Killed an ogre
  5342 | D:4      | Reached skill level 1 in Summonings
  5342 | D:4      | Gained mutation: You have large cloven feet. [demonic ancestry]
  5342 | D:4      | Reached XP level 5. HP: 35/35 MP: 3/10
  5454 | D:4      | Slain by an orc

Vault maps used:
D:1:      nagdon_arrival_zigzag_paths
D:2:      nemelex_altar_shiori, bloody_makhleb, serial_forest,
          infiniplex_forest_clump_C, infiniplex_forest_straight_3,
          infiniplex_forest_clump_small, infiniplex_forest_straight_3,
          infiniplex_forest_clump_small, infiniplex_forest_lined_1,
          infiniplex_forest_lined_2, infiniplex_forest_clump_small
D:3:      lemuel_doored_altar, lemuel_crystal_altar,
          minmay_randomly_rotated_circles, uniq_robin
D:4:      nicolae_ru_sacrificial_ziggurat, corexii_shack,
          small_statue_intersection, minmay_a_box_with_orc_wizards_in_it,
          uniq_ijyb

Skill      XL: |  1  2  3  4 |
---------------+-------------+-----
Conjurations   | 2 3 |  3.9
Summonings     | 1 |  1.0
Shields        | |  1.0
Spellcasting   | |  3.9
Hexes          | |  1.0
Translocations | |  1.7
Air Magic      | |  1.0
Evocations     | |  1.0

Action                   |  1- 3 |  4- 6 || total
-------------------------+-------+-------++-------
Melee: Dagger            |    20 |       ||    20
       Flail             |     8 |    18 ||    26
 Cast: Magic Dart        |   111 |    61 ||   172
       Call Imp          |     2 |     7 ||     9
       Blink             |     1 |     3 ||     4
  Use: Potion            |     1 |       ||     1
  Eat: Chunk             |     8 |     6 ||    14
Armor: Robe              |    14 |    16 ||    30
       Skin              |     3 |       ||     3
Dodge: Dodged            |    30 |    42 ||    72

Table legend:
 A = Spawn XP
 B = Non-spawn XP
 C = Spawn XP percentage of total XP
 D = Spawn monster count
 E = Non-spawn monster count
 F = Spawn count percentage of total count
 G = Total turns spent on level
                    A         B        C        D         E        F      G
               +---------+---------+-------+---------+---------+-------+---------
         Total |       0 |     215 |   0.0 |       0 |      73 |   0.0 |  5454
               +---------+---------+-------+---------+---------+-------+---------
           D:1 |       0 |      32 |   0.0 |       0 |      22 |   0.0 |  1940
           D:2 |       0 |      36 |   0.0 |       0 |      13 |   0.0 |  1386
           D:3 |       0 |      80 |   0.0 |       0 |      35 |   0.0 |  1987
           D:4 |       0 |      67 |   0.0 |       0 |       3 |   0.0 |   141
               +---------+---------+-------+---------+---------+-------+---------
